 Dungeon Crawl Stone Soup version 0.19.5 (webtiles) character file.

108 raph the Poker (level 4, -8/34 HPs)
             Began as a Merfolk Skald on May 15, 2017.
             Killed by divine providence
             ... invoked by an orc priest
              (12 damage)
             ... on level 3 of the Dungeon.
             The game lasted 00:06:51 (2459 turns).

raph the Poker (Merfolk Skald)                      Turns: 2459, Time: 00:06:52

Health: -8/34      AC:  4    Str: 12    XL:     4   Next: 87%
Magic:  3/7        EV: 12    Int: 11    God:
Gold:   175        SH:  0    Dex: 14    Spells: 4 memorised, 1 level left

rFire  . . .     SeeInvis .     a - +1 spear
rCold  + . .     Gourm    .     b - +0 leather armour
rNeg   . . .     Faith    .     (no shield)
rPois  .         Spirit   .     g - +0 helmet
rElec  .         Reflect  .     (no cloak)
rCorr  .         Harm     .     (no gloves)
MR     .....                    (no boots)
Stlth  +.........               (no amulet)
                                h - ring of protection from cold
                                k - ring of flight

@: singing, very slightly contaminated, hasted, very quick
A: change form in water, swift swim, stealthy swim
a: Stop Singing, Evoke Flight


You were on level 3 of the Dungeon.
You were hungry.

You visited 1 branch of the dungeon, and saw 3 of its levels.

You collected 175 gold pieces.

Inventory:

Hand Weapons
 a - a +1 spear (weapon)
Armour
 b - a +0 leather armour (worn)
 g - a +0 helmet (worn)
Jewellery
 h - a ring of protection from cold (right hand)
 i - an uncursed amulet of the gourmand {unknown}
 k - a ring of flight (left hand)
Scrolls
 o - a scroll of fear
Potions
 e - a potion of curing
 m - 3 potions of agility
 n - a potion of flight {unknown}
 q - a potion of berserk rage {unknown}
 r - 3 potions of cure mutation {unknown}
 s - 2 potions of heal wounds {unknown}
Books
 c - a book of Battle

   Spells                             Type                      Level
   a - Infusion                       Charms                       1
   b - Shroud of Golubria             Charms/Translocation         2
   c - Song of Slaying                Charms                       2
   d - Spectral Weapon                Hexes/Charms                 3
   e - Regeneration                   Charms/Necromancy            3
 w - a book of Minor Magic

   Spells                             Type                      Level
   a - Magic Dart                     Conjuration                  1
   b - Blink                          Translocation                2
   c - Call Imp                       Summoning                    2
   d - Repel Missiles                 Charms/Air                   2
   e - Slow                           Hexes                        2
   f - Conjure Flame                  Conjuration/Fire             3
   g - Mephitic Cloud                 Conjuration/Poison/Air       3
Comestibles
 d - 2 bread rations
 f - a meat ration
 j - 3 fruits
 l - a slice of pizza
 t - a beef jerky
 u - 4 chunks of flesh


   Skills:
 + Level 2.9 Fighting
 * Level 4.4 Polearms
 + Level 1.2 Armour
 + Level 2.0 Dodging
 + Level 2.5 Spellcasting
 * Level 4.0 Charms
 + Level 0.0 Translocations


You had one spell level left.
You knew the following spells:

 Your Spells              Type           Power        Failure   Level  Hunger
a - Infusion              Chrm           ##..         10%         1    ##.....
b - Song of Slaying       Chrm           ##......     12%         2    ###....
c - Shroud of Golubria    Chrm/Tloc      #.........   24%         2    ###....
d - Repel Missiles        Chrm/Air       #.....       24%         2    ###....


Dungeon Overview and Level Annotations

Branches:
Dungeon (3/15)

Altars:


Message History

The orc barely misses you.
Attack whom?
Press: ? - help, Dir - move target cursor, f/p - orc priest
Aim: an orc priest, wielding a trident (moderately wounded)
The orc is in the way.
You hit the orc.
The orc is heavily wounded.
The orc priest calls upon Beogh to heal the orc wizard.
The orc wizard is healed somewhat.
The orc hits you but does no damage.
Attack whom?
Press: ? - help, Dir - move target cursor, f/p - orc priest
Aim: an orc priest, wielding a trident (moderately wounded)
The orc is in the way.
You puncture the orc!
You kill the orc!
The orc priest hits you from afar with a trident!
* * * LOW HITPOINT WARNING * * *
Okay, then.
You feel yourself speed up.
The orc priest invokes the aid of Beogh against you.
Beogh smites you!
You die...

#####.#.......#
......#.......#
####..#.......####
...#..........'..#
##.#.##.......##.#
.#.#.#.........#.#
.#.#.#.#######.#.#
#.#.#...<#.##.#.#
#.#.#......##.#@#
#.#....(.#.##.#)lo.....
##.########.##.###......
...............# ......
............#### .....
...########## .....
....... #### ...####
...#


You could see an iguana and an orc priest.

Vanquished Creatures
  4 adders (D:2)
  An ooze (D:1)
  2 worms
  2 dart slugs (D:2)
  3 leopard geckos
  3 orcs (D:3)
  2 ball pythons
  8 bats
  2 giant cockroaches (D:2)
  4 goblins
  2 hobgoblins
  2 quokkas
  4 frilled lizards
  8 kobolds
  8 rats
55 creatures vanquished.

Notes
Turn   | Place    | Note
-------+----------+-------------------------------------------
     0 | D:1      | raph the Merfolk Skald began the quest for the Orb.
     0 | D:1      | Reached XP level 1. HP: 16/16 MP: 3/3
   274 | D:1      | Reached XP level 2. HP: 23/23 MP: 5/5
   282 | D:1      | Learned a level 2 spell: Song of Slaying
   694 | D:1      | Reached XP level 3. HP: 28/28 MP: 6/6
   817 | D:2      | Reached skill level 1 in Armour
   966 | D:2      | Learned a level 2 spell: Shroud of Golubria
  1394 | D:2      | Reached XP level 4. HP: 34/34 MP: 7/7
  2139 | D:2      | Learned a level 2 spell: Repel Missiles
  2459 | D:3      | Killed from afar by an orc priest

Skill      XL: |  1  2  3  4 |
---------------+-------------+-----
Armour         | 1 |  1.2
Polearms       | 4 |  4.4
Dodging        | 2 |  2.0
Charms         | 4 |  4.0
Fighting       | |  2.9
Spellcasting   | |  2.5

Action                   |  1- 3 |  4- 6 || total
-------------------------+-------+-------++-------
Melee: Spear             |   118 |    72 ||   190
 Cast: Infusion          |    14 |    13 ||    27
       Song of Slaying   |     2 |     3 ||     5
       Shroud of Golubri |       |     3 ||     3
  Use: Scroll            |       |     8 ||     8
       Potion            |       |     1 ||     1
 Stab: Sleeping          |     1 |       ||     1
  Eat: Chunk             |     2 |     4 ||     6
Armor: Leather armour    |    31 |    17 ||    48
Dodge: Dodged            |    65 |    50 ||   115
